 Dungeon Crawl Stone Soup version 0.31.0-12-g77e489cdc1 (webtiles) character file.

Game seed: 16330196506574274127

410 PaiMei the Grave Robber (level 6, -8/46 HPs)
             Began as a Demonspawn Necromancer on Mar 4, 2024.
             Mangled by Menkaure (14 damage)
             ... on level 4 of the Dungeon.
             The game lasted 00:05:49 (5272 turns).

PaiMei the Grave Robber (Demonspawn Necromancer)    Turns: 5272, Time: 00:05:49

Health: -8/46      AC:  9    Str:  8    XL:     6   Next: 58%
Magic:  11/11      EV: 13    Int: 17    God:
Gold:   219        SH:  4    Dex: 14    Spells: 8/12 levels left

rFire   + . .        d - +1 whip (drain)
rCold   + . .        (no shield)
rNeg    . . .        t - +0 robe {rC+}
rPois   .            y - +0 helmet
rElec   .            c - +0 cloak
rCorr   .            (no gloves)
SInv    .            p - +0 pair of boots
Will    .....        (no amulet)
Stlth   ++           k - ring of protection from fire
HPRegen 0.27/turn    (no ring)
MPRegen 0.12/turn

%: no passive effects
@: no status effects
A: icemail 1, powered by death 1, condensation shield, weakness stinger 1
a: no special abilities


You were on level 4 of the Dungeon.
You visited 1 branch of the dungeon, and saw 4 of its levels.

You collected 219 gold pieces.

Inventory:

Hand Weapons
 d - a +1 whip of draining (weapon)
 r - a +3 dagger
Missiles
 v - 6 datura-tipped darts (quivered)
 A - 5 curare-tipped darts
Armour
 a - a +0 robe
 c - a +0 cloak (worn)
 p - a +0 pair of boots (worn)
 t - a +0 robe of cold resistance (worn)
 y - a +0 helmet (worn)
Jewellery
 k - a ring of protection from fire (left hand)
 z - a ring of positive energy
Wands
 w - a wand of roots (8)
Scrolls
 e - 2 scrolls of summoning {unknown}
 g - 5 scrolls of identify {unknown}
 h - 2 scrolls of amnesia {unknown}
 j - 2 scrolls of blinking {unknown}
 m - 3 scrolls of vulnerability {unknown}
 n - a scroll of silence {unknown}
 o - 2 scrolls of teleportation {unknown}
 B - a scroll of noise {unknown}
Potions
 b - a potion of magic
 f - 3 potions of curing {unknown}
 i - a potion of degeneration {unknown}
 l - a potion of attraction {unknown}
 q - a potion of might {unknown}
 s - a potion of mutation {unknown}
 u - a potion of cancellation {unknown}
 x - a potion of berserk rage {unknown}


   Skills:
 + Level 2.9 Fighting
 + Level 3.5 Dodging
 - Level 2.0 Stealth
 + Level 3.6 Spellcasting
 + Level 5.7 Necromancy


You had 8 spell levels left.
You knew the following spells:

 Your Spells              Type           Power      Damage    Failure   Level
a - Necrotise             Necr           88%        1d8       1%          1
b - Vampiric Draining     Necr           22%        2d7       4%          3

Your spell library contained the following spells:

 Spells                   Type           Power      Damage    Failure   Level
 Fugue of the Fallen      Necr           22%        N/A       4%          3
 Animate Dead             Necr           22%        N/A       16%         4
 Ensorcelled Hibernation  Hex/Ice        6%         N/A       26%         2
 Curse of Agony           Necr           22%        N/A       38%         5
 Passwall                 Erth           3%         N/A       45%         3
 Swiftness                Air            3%         N/A       45%         3
 Anguish                  Hex/Necr       6%         N/A       45%         4


Dungeon Overview and Level Annotations

Branches:
Dungeon (4/15)
 Temple: D:4-7

Altars:

Annotations:
D:4 Menkaure


Innate Abilities, Weirdness & Mutations

A meltable icy envelope protects you from harm. (AC +4)
You regenerate a little health from kills.
A meltable shield of frost defends you. (SH +4)
You have a small tail.


Message History

Menkaure is moderately damaged.
Menkaure closely misses you.
You hit Menkaure but do no damage.
Menkaure is moderately damaged.
Menkaure points at you and mumbles some strange words.
You barely resist. You hit Menkaure.
Menkaure is moderately damaged.
Menkaure closely misses you.
You closely miss Menkaure.
Menkaure is moderately damaged.
You barely miss Menkaure. You tail-slap Menkaure.
Menkaure is heavily damaged.
Menkaure casts a spell at you.
You barely resist. You barely miss Menkaure.
Menkaure is heavily damaged.
Menkaure barely misses you.
You hit Menkaure.
Menkaure is heavily damaged.
Menkaure blazes with dark energy!
Menkaure hits you!!
You hit Menkaure but do no damage.
Menkaure is heavily damaged.
Menkaure misses you.
You hit Menkaure but do no damage.
Menkaure is heavily damaged.
Menkaure hits you!
* * * LOW HITPOINT WARNING * * *
You hit Menkaure. You punch Menkaure, but do no damage.
Menkaure is severely damaged.
Menkaure calls on the powers of darkness!
Your body is wracked with pain!
* * * LOW HITPOINT WARNING * * *
You hit Menkaure but do no damage.
You tail-slap Menkaure, but do no damage.
You punch Menkaure, but do no damage.
Menkaure is severely damaged.
Menkaure hits you!
You die...

...............##.........#.#.###
.........#.....#####).....#...###
.........#.....# #.......##....##
.........###.#####...).........##
...<##....#..# #..............##
###..###.....####..............##
..## #..##..##....>...........#
...#.......#.##....#........#...
............#..#@...#..^..#.####.
......##.......M..###.....### #.
..... ###....#....###.....## #.
...### #.####....##.......# ## ##
###............##
#...........#### ##..#..######
#######


You could see Menkaure.

Vanquished Creatures
  A black bear (D:3)
  A scorpion (D:4)
  A bombardier beetle (D:4)
  Jessica (D:3)
  An iguana (D:4)
  2 orc wizards
  2 adders
  A ribbon worm (D:3)
  4 orcs
  5 ball pythons
  6 endoplasms
  9 giant cockroaches
  7 goblins
  7 hobgoblins
  14 jackals
  6 kobolds
  5 bats
  6 frilled lizards
  4 rats
83 creatures vanquished.

Vanquished Creatures (collateral kills)
  A ribbon worm (D:3)
  An orc (D:3)
  An endoplasm (D:2)
  A goblin (D:3)
  2 jackals
  A kobold (D:3)
7 creatures vanquished.

Grand Total: 90 creatures vanquished

Notes
Turn   | Place    | Note
-------+----------+-------------------------------------------
     0 | D:1      | PaiMei the Demonspawn Necromancer began the quest for the
                  | Orb.
     0 | D:1      | Reached XP level 1. HP: 13/13 MP: 3/3
   307 | D:1      | Gained mutation: You regenerate a little health from kills.
                  | [demonic ancestry]
   307 | D:1      | Reached XP level 2. HP: 19/19 MP: 1/5
   672 | D:1      | Found a faded altar of an unknown god.
   973 | D:1      | Gained mutation: A meltable shield of frost defends you.
                  | (SH +4) [demonic ancestry]
   973 | D:1      | Reached XP level 3. HP: 22/25 MP: 0/6
   985 | D:1      | Learned a level 3 spell: Vampiric Draining
  1584 | D:2      | Reached skill level 1 in Fighting
  2579 | D:3      | Reached XP level 4. HP: 28/32 MP: 5/7
  2676 | D:3      | Noticed Jessica
  3069 | D:3      | Reached skill level 5 in Necromancy
  3174 | D:3      | Killed Jessica
  3199 | D:3      | Gained mutation: A meltable icy envelope protects you from
                  | harm. (AC +4) [demonic ancestry]
  3199 | D:3      | Reached XP level 5. HP: 38/38 MP: 7/9
  3606 | D:3      | Noticed a black bear
  3614 | D:3      | Killed a black bear
  4202 | D:4      | Noticed a phantom
  4336 | D:4      | Noticed Menkaure
  4384 | D:4      | Gained mutation: You have a small tail. [demonic ancestry]
  4384 | D:4      | Reached XP level 6. HP: 46/46 MP: 8/11
  5272 | D:4      | Mangled by Menkaure

Illustrated notes

Levels and vault maps discovered:
D:1:      ncdulo_smallfort, layout_loops_corners,
          dreamdust_ecumenical_altar_grove
D:2:      layout_basic, serial_corexii_hall, corexii_hall_statues_x,
          chequers_hall_statues_corner_a, grunt_ministairs_2, hex_intersection,
          nicolae_twisty_statue_hallways
D:3:      layout_loops_corners, uniq_jessica
D:4:      layout_cave_pools, uniq_menkaure

Skill      XL: |  1  2  3  4  5 |
---------------+----------------+-----
Stealth        | 2 |  2.0
Dodging        | 2 3 |  3.5
Fighting       | 1 2 |  2.9
Necromancy     | 5 |  5.7
Spellcasting   | 3 |  3.6

Action                     |  1- 3 |  4- 6 || total
---------------------------+-------+-------++-------
  Melee: Unarmed           |     3 |       ||     3
         Whip              |    18 |    50 ||    68
         Punch             |       |     3 ||     3
         Tailslap          |       |     7 ||     7
   Cast: Necrotise         |    69 |    77 ||   146
         Vampiric Draining |       |     4 ||     4
   Stab: Distracted        |       |     1 ||     1
 Armour: Robe              |    20 |    60 ||    80
  Dodge: Dodged            |    31 |    57 ||    88
  Block: Other             |     6 |    12 ||    18
